 Dungeon Crawl Stone Soup version bcrawl-1.21.2-20-g6d45ba5942 (webtiles) character file.

Game seed: 16459590206881341125

5553 Banto the Ascendant (level 10, -1/80 (81) HPs)
             Began as a Demigod Wanderer on Mar 2, 2020.
             Slain by a centaur warrior (10 damage)
             ... on level 8 of the Dungeon.
             The game lasted 00:15:33 (11140 turns).

Banto the Ascendant (Demigod Wanderer)             Turns: 11140, Time: 00:15:34

HP:   -1/80 (81)    AC: 12    Str: 20    XL:     10   Next: 44%
MP:   24/24         EV: 12    Int: 15    God:    Demigod [****..]
Gold: 475           SH:  0    Dex: 19    Spells: 6/9 levels left

rFire    . . .     SeeInvis .   a - +3 spear
rCold    + + .     Gourm    .   (no shield)
rNeg     . . .     Faith    .   v - +3 scale mail {rC+}
rPois    .         Spirit   .   y - +0 helmet
rElec    +         Reflect  .   (no cloak)
rCorr    .         Harm     .   b - +0 pair of gloves
MR       +....                  (no boots)
Stlth    ++........             (no amulet)
HPRegen  0.23/turn              d - ring of insulation
MPRegen  0.19/turn              j - ring of protection from cold

@: heroism, drained
A: high mp 1
a: Temporal Distortion, Growth, Major Destruction, Heroism


You were on level 8 of the Dungeon.
You worshipped Demigod.
Demigod was greatly pleased with you.
You were not hungry.

You visited 1 branch of the dungeon, and saw 8 of its levels.

You collected 501 gold pieces.
You spent 26 gold pieces at shops.

Inventory:

Hand Weapons
 a - a +3 spear (weapon)
Armour
 b - a +0 pair of gloves (worn)
 t - a +2 chain mail of fire resistance
 v - a +3 scale mail of cold resistance (worn)
 y - a +0 helmet (worn)
 C - a +0 buckler
Jewellery
 d - a ring of insulation (left hand)
 j - a ring of protection from cold (right hand)
 n - an uncursed ring of resist corrosion
Wands
 q - a wand of random effects (19)
 w - a wand of flame (26)
 x - a wand of digging (18)
 z - a wand of iceblast (3)
Scrolls
 l - 5 scrolls of remove curse
 m - a scroll of amnesia
 o - 2 scrolls of enchant weapon
 p - 4 scrolls of identify
 r - a scroll of fog
Potions
 c - 3 potions of flight
 f - a potion of brilliance
 g - 5 potions of curing
 h - a potion of might
 i - a potion of invisibility
 k - a potion of haste
 s - a potion of lignification
 B - a potion of berserk rage
Comestibles
 e - 10 rations {!d}
 u - 2 chunks of flesh


   Skills:
 - Level 5.4(9.2) Fighting
 + Level 10.3(13.9) Polearms
 - Level 2.0(5.8) Stealth
 + Level 13.5(12.1) Invocations
 - Level 1.7(0.8) Evocations


You had 6 spell levels left.
You knew the following spells:

 Your Spells              Type           Power        Failure   Level  Hunger
a - Regeneration          Chrm/Necr      #.........   92%         3    ####...

Your spell library contained the following spells:

 Spells                   Type           Power        Failure   Level  Hunger
 Throw Frost              Conj/Ice       #.....       41%         2    ###....
 Apportation              Tloc           #.....       58%         1    ##.....
 Flame Tongue             Conj/Fire      #....        58%         1    ##.....
 Freeze                   Ice            #.....       58%         1    ##.....
 Infusion                 Chrm           #.......     58%         1    ##.....
 Sandblast                Erth           #.....       58%         1    ##.....
 Slow                     Hex            #.......     58%         1    ##.....
 Summon Butterflies       Summ           #.......     58%         1    ##.....
 Flaming Arrows           Chrm/Fire      #.......     75%         2    ###....
 Sticks to Snakes         Tmut           #.......     75%         2    ###....
 Conjure Flame            Conj/Fire      #.......     92%         3    ####...
 Inner Flame              Hex/Fire       N/A          92%         3    ####...
 Ozocubu's Armour         Chrm/Ice       #.......     92%         3    ####...
 Sticky Flame             Conj/Fire      #.......     100%        4    #####..
 Summon Ice Beast         Ice/Summ       #.......     100%        4    #####..
 Throw Icicle             Conj/Ice       #.......     100%        4    #####..
 Fireball                 Conj/Fire      #.........   100%        5    ######.
 Deflect Missiles         Chrm/Air       #.........   100%        6    #######


Dungeon Overview and Level Annotations

Branches:
Dungeon (8/12)             Temple (0/1) D:7            Lair (0/6) D:7
    Orc: D:8-11

Shops:
D:5 (   D:8 *

Annotations:
D:6 1 runed translucent door, Mrkan's ghost, novice HOFi


Innate Abilities, Weirdness & Mutations

You have an increased reservoir of magic. (+10% MP)


Message History

The centaur warrior is almost dead.
The centaur warrior closely misses you.
You hit the centaur warrior.
The centaur warrior is almost dead.
The centaur warrior hits you!
* * * LOW HITPOINT WARNING * * *
You barely miss the centaur warrior.
The centaur warrior is almost dead.
The centaur warrior hits you but does no damage.
You hit the centaur warrior but do no damage.
The centaur warrior is almost dead.
You hit the centaur warrior.
The centaur warrior is almost dead.
The centaur warrior hits you!
* * * LOW HITPOINT WARNING * * *
You hit the centaur warrior.
The centaur warrior is almost dead.
The centaur warrior hits you!
You die...
Your divinity fades.

#.#.##..#_#..###. ##.#.##..#'#..#
#. #..#.##......####.
#.##.####....###.. #.##.#
#.......#. #.##.## #.#....... .
####.#...###.#..##.#)
...##########..c...#.............
........c.....##@#...###.#.###.##
#############.##.##........###.#
############.......# ##_##
###.##### 8...8 #.# #.....# #.#
8.....8 #.# ##.....## #.#
#########.#


You could see a centaur warrior.

Vanquished Creatures
  Psyche (D:8)
  Pikel (D:6)
  A centaur zombie (D:5)
  A hippogriff (D:7)
  A hungry ghost (D:7)
  Edmund (D:4)
  3 porcupines (D:7)
  5 orc warriors
  2 sky beasts (D:5)
  2 ice beasts
  2 slaves (D:6)
  A necrophage (D:8)
  A phantom (D:5)
  4 ogres (D:7)
  2 centaurs
  2 bullfrogs
  2 big kobolds
  A wyvern skeleton (D:6)
  2 scorpions
  5 wights (D:8)
  5 crimson imps
  A hound (D:6)
  A bullfrog zombie (D:6)
  A centaur skeleton (D:6)
  2 jellies
  4 gnoll shamans (D:7)
  6 orc priests
  3 iguanas
  4 orc wizards
  4 worker ants
  A killer bee zombie (D:7)
  A hound zombie (D:7)
  2 worker ant zombies
  8 gnolls (D:7)
  7 adders
  A shadow imp (D:6)
  2 oozes
  An adder skeleton (D:6)
  2 worms
  4 dart slugs
  12 leopard geckos
  17 orcs
  6 bats
  4 giant cockroaches
  3 goblins
  8 hobgoblins
  16 kobolds
  5 quokkas
  2 frilled lizards
  A leopard gecko skeleton (D:4)
  A quokka skeleton (D:5)
175 creatures vanquished.

Vanquished Creatures (others)
  15 fungi (D:7)
  3 plants (D:7)
18 creatures vanquished.

Grand Total: 193 creatures vanquished

Notes
Turn   | Place    | Note
-------+----------+-------------------------------------------
     0 | D:1      | Banto the Demigod Wanderer began the quest for the Orb.
     0 | D:1      | Banto set off with the following items: a +2 spear, a +0
                  | ring mail, a potion of flight, a +0 dagger, a ration {!d}
     0 | D:1      | Reached XP level 1. HP: 23/23 MP: 4/4
    65 | D:1      | Reached skill level 1 in Polearms
    99 | D:1      | Reached XP level 2. HP: 28/29 MP: 5/5
   611 | D:2      | Reached XP level 3. HP: 36/36 MP: 6/6
   654 | D:2      | Reached * piety under Demigod
  1023 | D:2      | Reached skill level 1 in Invocations
  1023 | D:2      | Reached XP level 4. HP: 34/42 MP: 7/7
  1117 | D:2      | Reached skill level 2 in Invocations
  1817 | D:3      | Reached skill level 3 in Invocations
  2001 | D:3      | Reached XP level 5. HP: 25/48 MP: 8/10
  2159 | D:3      | Found a burning altar of Makhleb.
  2165 | D:3      | Found a radiant altar of Vehumet.
  2170 | D:3      | Found an opulent altar of Gozag.
  2170 | D:3      | Found a sparkling altar of Nemelex Xobeh.
  2172 | D:3      | Found a corrupted altar of Lugonu.
  2289 | D:3      | Reached ** piety under Demigod
  2310 | D:3      | Reached skill level 4 in Invocations
  2346 | D:3      | Found an iron altar of Okawaru.
  2601 | D:4      | Reached XP level 6. HP: 45/56 MP: 10/12
  2678 | D:4      | Found an ancient bone altar of Kikubaaqudgha.
  2697 | D:4      | Noticed Edmund
  3345 | D:4      | Identified the Almanac of Changing and Talismans
  3919 | D:5      | Entered Level 5 of the Dungeon
  3988 | D:5      | Found Umote's Weapon Boutique.
  4033 | D:5      | Found an ancient bone altar of Kikubaaqudgha.
  4083 | D:5      | Noticed an ice beast
  4092 | D:5      | Killed an ice beast
  4092 | D:5      | Reached skill level 5 in Invocations
  4251 | D:5      | Reached skill level 5 in Polearms
  4251 | D:5      | Reached skill level 6 in Invocations
  4251 | D:5      | Reached XP level 7. HP: 51/61 MP: 14/14
  4705 | D:5      | Reached skill level 7 in Invocations
  4896 | D:5      | Reached skill level 8 in Invocations
  4896 | D:5      | Reached XP level 8. HP: 65/69 MP: 15/17
  5280 | D:6      | Found a blossoming altar of Fedhas.
  5297 | D:6      | Reached skill level 9 in Invocations
  5647 | D:4      | Killed Edmund
  6133 | D:6      | Noticed Pikel
  6293 | D:6      | Reached skill level 10 in Invocations
  6317 | D:6      | Killed Pikel
  6317 | D:6      | Reached XP level 9. HP: 74/74 MP: 20/20
  6389 | D:6      | Reached *** piety under Demigod
  6586 | D:6      | Found a runed translucent door.
  6610 | D:6      | Noticed Mrkan's ghost (novice HOFi)
  6840 | D:7      | Found an ornate altar of the Wu Jian Council.
  7765 | D:7      | Reached skill level 11 in Invocations
  7807 | D:7      | Found a staircase to the Ecumenical Temple.
  8252 | D:7      | Found a staircase to the Lair.
  8412 | D:7      | Reached skill level 12 in Invocations
  8811 | D:7      | Learned a level 3 spell: Regeneration
  8820 | D:7      | Found a basalt altar of Yredelemnul.
  8829 | D:7      | Found a glowing golden altar of the Shining One.
  9456 | D:7      | Reached XP level 10. HP: 35/81 MP: 23/23
 10382 | D:7      | Noticed an angel
 10395 | D:7      | Noticed a profane servitor
 10464 | D:8      | Noticed Psyche
 10481 | D:8      | Killed Psyche
 10481 | D:8      | Reached skill level 10 in Polearms
 10481 | D:8      | Reached skill level 13 in Invocations
 10670 | D:8      | Found a hide-covered altar of Uskayaw.
 10799 | D:8      | Reached **** piety under Demigod
 10931 | D:8      | Found Plog's General Store.
 10939 | D:8      | Bought a scroll of identify for 26 gold pieces
 11092 | D:8      | Found a shimmering blue altar of Sif Muna.
 11100 | D:8      | Noticed a centaur warrior
 11140 | D:8      | Slain by a centaur warrior

Skill      XL: |  1  2  3  4  5  6  7  8  9 10 |
---------------+-------------------------------+-----
Polearms       | 1 2 3 4 5 6 8 9 10 | 10.3
Invocations    | 1 3 4 6 8 10 12 13 | 13.5
Fighting       | |  5.4
Stealth        | |  2.0
Evocations     | |  1.7

Action                   |  1- 3 |  4- 6 |  7- 9 | 10-12 || total
-------------------------+-------+-------+-------+-------++-------
Melee: Spear             |    81 |   289 |   483 |   200 ||  1053
       Unarmed           |       |     1 |       |       ||     1
       Whip              |       |       |    44 |       ||    44
Invok: Temporal Distorti |       |     1 |       |       ||     1
       Heroism           |       |       |       |     1 ||     1
Evoke: Wand              |       |       |     9 |     9 ||    18
  Use: Scroll            |     2 |     9 |     5 |     4 ||    20
 Stab: Sleeping          |     3 |     2 |       |       ||     5
  Eat: Chunk             |       |    11 |    14 |     5 ||    30
       Ration            |       |       |     1 |       ||     1
Armor: Ring mail         |    25 |    12 |       |       ||    37
       Plate armour      |       |    74 |    38 |       ||   112
       Chain mail        |       |       |    64 |       ||    64
       Scale mail        |       |       |    84 |    41 ||   125
Dodge: Dodged            |    35 |    50 |   113 |    40 ||   238
